 Dungeon Crawl Stone Soup version 0.28.0 (webtiles) character file.

Game seed: 17659614699843344639

18835 Skilfsilihog the Fighter (level 12, -4/113 HPs)
             Began as a Minotaur Fighter on Feb 20, 2022.
             Was a High Priest of Okawaru.
             Slain by an orc knight (26 damage)
             ... on level 2 of the Orcish Mines.
             The game lasted 00:34:39 (15699 turns).

Skilfsilihog the Fighter (Minotaur Fighter)        Turns: 15699, Time: 00:34:40

Health: -4/113     AC: 24    Str: 28    XL:     12   Next: 31%
Magic:  12/17      EV:  7    Int:  9    God:    Okawaru [*****.]
Gold:   1104       SH:  4    Dex:  7    Spells: 11/11 levels left

rFire   + + .      SeeInvis +   u - +8 dagger of Ujaix {freeze, Contam +Blink Str+2 Int+4 SInv}
rCold   + . .      Faith    .   c - +0 buckler
rNeg    . . .      Spirit   .   t - +8 plate armour of the Ditch-Digger {rPois Dex-5 SInv Stlth+}
rPois   +          Reflect  .   (helmet restricted)
rElec   .          Harm     .   s - scarf {rC+ rF+}
rCorr   .          Rampage  .   O - +0 pair of gloves {Stlth+}
Will    .....                   G - -2 pair of boots "Plog" {rPois Str+2}
Stlth   ..........              I - amulet of the acrobat
HPRegen 0.28/turn               h - ring of see invisible
MPRegen 0.15/turn               n - ring of protection from fire

@: finesse-ful
A: horns 2, retaliatory headbutt
a: Renounce Religion, Evoke Blink, Heroism, Finesse, Duel


You were on level 2 of the Orcish Mines.
You worshipped Okawaru.
Okawaru was extremely pleased with you.
You visited 3 branches of the dungeon, and saw 14 of its levels.
You also visited: Sewer, Ossuary and Volcano.

You collected 1104 gold pieces.

Inventory:

Hand Weapons
 q - the +1 mace "Halurhan" {vorpal, *Rage Will+ rCorr MP+9}
   (You found it on level 4 of the Dungeon)

   It inflicts extra damage upon your enemies.
   MP:        It affects your magic capacity (+9).
   *Rage:     It berserks you when you make melee attacks (+20% chance).
   rCorr:     It protects you from acid and corrosion.
   Will:      It increases your willpower.
 u - the +8 dagger of Ujaix (weapon) {freeze, Contam +Blink Str+2 Int+4 SInv}
   (You found it on level 5 of the Dungeon)

   It freezes those it strikes, dealing additional cold damage.
   It can also slow down cold-blooded creatures.
   Str:       It affects your strength (+2).
   Int:       It affects your intelligence (+4).
   SInv:      It lets you see invisible.
   +Blink:    It lets you blink.
   Contam:    It causes magical contamination when unequipped.
Missiles
 x - a throwing net (quivered)
Armour
 c - a +0 buckler (worn)
 s - a scarf of resistance (worn)
 t - the +8 plate armour of the Ditch-Digger (worn) {rPois Dex-5 SInv Stlth+}
   (You found it on level 5 of the Dungeon)

   Dex:       It affects your dexterity (-5).
   rPois:     It protects you from poison.
   SInv:      It lets you see invisible.
   Stlth:     It makes you more stealthy.
 G - the -2 pair of boots "Plog" (worn) {rPois Str+2}
   (You found it on level 7 of the Dungeon)

   Str:       It affects your strength (+2).
   rPois:     It protects you from poison.
 H - a +0 cloak of poison resistance
 O - a +0 pair of gloves of stealth (worn)
Jewellery
 h - a ring of see invisible (left hand)
 n - a ring of protection from fire (right hand)
 I - an amulet of the acrobat (around neck)
Wands
 b - a wand of polymorph (14)
 k - a wand of iceblast (9)
 y - a wand of digging (4)
 C - a wand of paralysis (7)
 N - a wand of flame (6)
Scrolls
 a - 2 scrolls of silence
 f - a scroll of blinking {unknown}
 g - a scroll of holy word {unknown}
 l - 11 scrolls of teleportation
 m - a scroll of summoning
 o - 2 scrolls of enchant weapon
 p - a scroll of enchant armour
 r - 5 scrolls of immolation
 z - a scroll of amnesia {unknown}
 A - a scroll of torment {unknown}
 B - a scroll of fear {unknown}
 K - a scroll of brand weapon {unknown}
Potions
 d - 5 potions of flight
 e - a potion of attraction
 i - 2 potions of degeneration
 j - a potion of resistance {unknown}
 v - a potion of curing
 w - a potion of cancellation {unknown}
 D - 3 potions of brilliance
 E - 3 potions of might
 J - a potion of lignification {unknown}
 L - a potion of magic {unknown}
 M - a potion of mutation {unknown}


   Skills:
 - Level 12.3 Fighting
 - Level 11.0 Short Blades
 - Level 2.4 Axes
 - Level 11.0 Armour
 - Level 3.6 Shields
 - Level 9.0 Invocations
 + Level 7.6 Evocations


You had 11 spell levels left.
You didn't know any spells.
Your spell library contained the following spells:

 Spells                   Type           Power      Damage    Failure   Level
 Sublimation of Blood     Necr           0%         N/A       99%         2
 Hailstorm                Conj/Ice       0%         3d3       100%        4
 Ice Form                 Ice/Tmut       0%         N/A       100%        4
 Petrify                  Tmut/Erth      0%         N/A       100%        4
 Irradiate                Conj/Tmut      0%         3d13      100%        5
 Dispersal                Tloc           0%         N/A       100%        6
 Disjunction              Tloc           0%         N/A       100%        8
 Simulacrum               Ice/Necr       Unusable   N/A       N/A         6

Dungeon Overview and Level Annotations

Branches:
Dungeon (11/15)            Temple (1/1) D:5            Lair (0/6) D:9
    Orc (2/2) D:10          Sewer (visited)         Ossuary (visited)
Volcano (visited)
    Elf: Orc:2

Altars:
Ashenzari
Cheibriados
Dithmenos
Elyvilon
Fedhas
Gozag
Hepliaklqana
Kikubaaqudgha
Makhleb
Nemelex Xobeh
Okawaru
Qazlal
Ru
Sif Muna
Trog
Uskayaw
Vehumet
Wu Jian
Xom
Yredelemnul
Zin
The Shining One
Beogh

Shops:
D:3 :   D:4 !

Annotations:
D:7 2 runed translucent doors


Innate Abilities, Weirdness & Mutations

You have a pair of horns on your head.
You reflexively headbutt those who attack you in melee.


Message History

The orc knight roars a battlecry!
The orc goes into a battle-frenzy!
You hit the orc. You freeze the orc.
You kill the orc!
The orc knight unwields a +0 arbalest.
The orc knight wields a +0 great mace.
The orc knight misses you. You furiously retaliate!
You headbutt the orc knight. You barely miss the orc knight.
The orc knight is lightly wounded.
The orc knight hits you with a +0 great mace!
You hit the orc knight but do no damage.
Your headbutt misses the orc knight.
The orc knight is lightly wounded.
You closely miss the orc knight. Your headbutt misses the orc knight.
The orc knight is lightly wounded.
The orc knight hits you but does no damage.
You hit the orc knight. You freeze the orc knight.
The orc knight is lightly wounded.
You hit the orc knight. You freeze the orc knight.
Your headbutt misses the orc knight.
The orc knight is moderately wounded.
The orc knight hits you but does no damage.
You hit the orc knight but do no damage.
The orc knight is moderately wounded.
The orc knight hits you with a +0 great mace!
You are too injured to fight recklessly!
You are too injured to fight recklessly!
You are too injured to fight recklessly!
You are too injured to fight recklessly!
You puncture the orc knight! You freeze the orc knight.
The orc knight is heavily wounded.
You hit the orc knight but do no damage.
The orc knight is heavily wounded.
The orc knight hits you with a +0 great mace!
You can now deal lightning-fast blows.
The orc knight hits you with a +0 great mace!!
* * * LOW HITPOINT WARNING * * *
You feel much better.
The orc knight hits you with a +0 great mace!!
You die...

##......## #).#
###.....# +.## ###
###..## ##..#
..######....# ##..##
.....#.#....###..##
....###....#..#...##
#.....#...#........##
.#.......###.#..o...##
##.......#####..@)...#
..........##....<...##
.....#....##.....).##
...).#.....#......##
....###..........##
...<.#..........##
.....# ......####
###.## .#....# ###
####.


You could see an orc knight.

Vanquished Creatures
  A centaur warrior (Volcano)
  Erica (D:11)
  3 two-headed ogres
  An orc high priest (Orc:1)
  A hell knight (Volcano)
  A skeletal warrior (D:10)
  A lindwurm (Orc:1)
  A phantasmal warrior (D:10)
  Maurice (D:8)
  A molten gargoyle (Volcano)
  An unseen horror (D:7)
  The ghost of da312102 the Chiller, a novice DrIE (D:5)
  2 yaktaurs (Volcano)
  2 kobold demonologists (D:9)
  2 freezing wraiths (D:10)
  A komodo dragon (D:11)
  A troll (D:10)
  Grinder (D:4)
  A wyvern (D:9)
  A vampire (D:10)
  3 shadows
  11 yaks (D:10)
  4 fire bats (Volcano)
  2 steam dragons
  2 wargs (Orc:1)
  2 acid dragons
  A water moccasin (D:6)
  2 sky beasts
  4 black bears
  A necrophage (D:5)
  14 orc warriors
  7 ogres
  An ice beast (D:6)
  5 centaurs
  A phantom (D:6)
  5 kobold brigands
  2 bullfrogs (D:9)
  A gnoll sergeant (D:7)
  4 scorpions
  A wyvern zombie (D:6)
  9 wights
  2 howler monkeys
  6 lava snakes (Volcano)
  12 orc priests
  6 centaur zombies
  Crazy Yiuf (D:4)
  A hound (D:5)
  2 iguanas (D:7)
  Ijyb (D:4)
  15 orc wizards
  5 mummies (Ossuary)
  6 adders
  8 gnolls
  2 river rats (Sewer)
  3 shadow imps (D:7)
  A white imp (D:7)
  An adder skeleton (D:4)
  A worm (D:3)
  A dart slug (D:1)
  57 orcs
  5 ball pythons
  5 endoplasms
  3 giant cockroaches
  3 goblins (D:1)
  6 hobgoblins
  7 jackals
  A quokka (D:3)
  4 bats
  2 frilled lizards
  A hobgoblin zombie (Ossuary)
  16 kobolds
  7 rats
298 creatures vanquished.

Vanquished Creatures (others)
  2 fungi (D:9)
  4 plants (D:9)
6 creatures vanquished.

Grand Total: 304 creatures vanquished

Notes
Turn   | Place    | Note
-------+----------+-------------------------------------------
     0 | D:1      | Skilfsilihog the Minotaur Fighter began the quest for the
                  | Orb.
     0 | D:1      | Reached XP level 1. HP: 19/19 MP: 0/0
    42 | D:1      | Reached skill level 4 in Fighting
   160 | D:1      | Reached XP level 2. HP: 24/27 MP: 1/1
   727 | D:1      | Found a faded altar of an unknown god.
   782 | D:2      | You fall into a shaft and drop 1 floor!
   885 | D:3      | Reached skill level 5 in Fighting
   886 | D:3      | HP: 1/29 [adder (1)]
   889 | D:3      | Reached XP level 3. HP: 19/36 MP: 2/2
  1114 | D:3      | Reached skill level 6 in Fighting
  1114 | D:3      | Reached XP level 4. HP: 33/44 MP: 3/3
  1395 | D:3      | Found an ancient bone altar of Kikubaaqudgha.
  1398 | D:3      | Found a blossoming altar of Fedhas.
  1675 | D:3      | Reached XP level 5. HP: 37/50 MP: 4/4
  1676 | D:3      | Reached skill level 5 in Armour
  1680 | D:3      | Found Amexepudgh's Book Boutique.
  1834 | D:3      | Found a broken altar of Ashenzari.
  2143 | D:4      | Noticed Ijyb
  2144 | D:4      | Found a bloodstained altar of Trog.
  2150 | D:4      | Killed Ijyb
  2151 | D:4      | Reached XP level 6. HP: 37/57 MP: 5/5
  2568 | D:4      | Identified the +1 mace "Halurhan" {vorpal, *Rage Will+
                  | rCorr MP+9}
  2640 | D:4      | Found a runed translucent door.
  2641 | D:4      | Noticed Crazy Yiuf
  3031 | D:4      | Found Olahoc's Distillery.
  3252 | D:4      | Noticed Grinder
  3258 | D:4      | Killed Grinder
  3259 | D:4      | Reached XP level 7. HP: 63/63 MP: 6/6
  3569 | D:4      | Killed Crazy Yiuf
  3788 | D:5      | Entered Level 5 of the Dungeon
  3804 | D:5      | Found a glowing silver altar of Zin.
  3825 | D:5      | Found a staircase to the Ecumenical Temple.
  3835 | Temple   | Entered the Ecumenical Temple
  4544 | D:5      | Found a runed translucent gate.
  4544 | D:5      | Found a runed translucent gate.
  4545 | D:5      | Found a runed translucent gate.
  4546 | D:5      | Noticed da312102's ghost (novice DrIE)
  4564 | D:5      | Killed da312102's ghost
  4565 | D:5      | Reached XP level 8. HP: 70/70 MP: 7/7
  4773 | D:5      | Identified the +8 plate armour of the Ditch-Digger {rPois
                  | Dex-5 SInv Stlth+}
  5284 | D:5      | Reached skill level 7 in Fighting
  5671 | D:5      | Identified the +8 dagger of Ujaix {freeze, Contam +Blink
                  | Str+2 Int+4 SInv}
  5988 | D:6      | Found an ornate altar of the Wu Jian Council.
  6008 | D:6      | Found a shimmering blue altar of Sif Muna.
  6012 | D:6      | Found a glowing drain.
  6026 | Sewer    | Entered a sewer
  6181 | Sewer    | Found a white marble altar of Elyvilon.
  6320 | D:6      | Reached skill level 5 in Short Blades
  6343 | D:6      | Found an iron altar of Okawaru.
  6512 | D:6      | Reached XP level 9. HP: 66/81 MP: 8/8
  6583 | D:6      | Found a basalt altar of Yredelemnul.
  6641 | D:6      | Identified the +5 whip of Amel {protect, Fly rN+ Will+}
  7260 | D:7      | Found a hide-covered altar of Uskayaw.
  7267 | D:7      | Noticed an unseen horror
  7273 | D:7      | Killed an unseen horror
  7298 | D:7      | Found a sand-covered staircase.
  7304 | Ossuary  | Entered an ossuary
  7581 | D:7      | Found a runed translucent door.
  7717 | D:7      | Found a runed translucent door.
  7936 | D:7      | Identified the -2 pair of boots "Plog" {rPois Str+2}
  8268 | D:8      | Noticed Maurice
  8280 | D:8      | Killed Maurice
  8281 | D:8      | Reached skill level 10 in Short Blades
  8281 | D:8      | Noticed a two-headed ogre
  8308 | D:8      | Killed a two-headed ogre
  8309 | D:8      | Reached XP level 10. HP: 39/88 MP: 9/9
  8671 | D:8      | Found a stormy altar of Qazlal.
  8766 | D:8      | Reached skill level 8 in Fighting
  8953 | D:8      | Noticed a two-headed ogre
  8961 | D:8      | Killed a two-headed ogre
  8962 | D:8      | Reached skill level 9 in Fighting
  9542 | D:6      | Became a worshipper of Warmaster Okawaru
  9603 | D:9      | Found an opulent altar of Gozag.
  9612 | D:9      | Reached skill level 10 in Fighting
  9880 | D:9      | Reached skill level 11 in Fighting
  9887 | D:9      | Noticed a soul eater
  9893 | D:9      | Reached * piety under Okawaru
 10154 | D:9      | Reached skill level 12 in Fighting
 10280 | D:9      | Found a staircase to the Lair.
 10542 | D:10     | Entered Level 10 of the Dungeon
 10552 | D:10     | Reached skill level 1 in Invocations
 10565 | D:10     | Reached ** piety under Okawaru
 10782 | D:10     | Reached XP level 11. HP: 105/105 MP: 10/12
 10896 | D:10     | Reached *** piety under Okawaru
 10901 | D:10     | Reached skill level 5 in Invocations
 11279 | D:10     | Found a staircase to the Orcish Mines.
 11328 | D:10     | Found a sacrificial altar of Ru.
 11356 | D:10     | Noticed a two-headed ogre
 11365 | D:10     | Killed a two-headed ogre
 11541 | D:10     | Noticed a death knight
 11991 | D:11     | Noticed Erica
 11998 | D:11     | Killed Erica
 11998 | D:11     | Reached **** piety under Okawaru
 12020 | D:11     | Noticed a death knight
 12020 | D:11     | Noticed a phantasmal warrior
 12033 | D:11     | Noticed a skeletal warrior
 12294 | D:10     | Killed a skeletal warrior
 12579 | D:10     | Killed a phantasmal warrior
 12605 | D:10     | Reached skill level 1 in Evocations
 12935 | Orc:1    | Entered Level 1 of the Orcish Mines
 13257 | Orc:1    | Found a dark tunnel.
 13257 | Orc:1    | Noticed a lindwurm
 13288 | Orc:1    | Killed a lindwurm
 13416 | Volcano  | Entered a volcano
 13750 | Volcano  | Reached ***** piety under Okawaru
 13814 | Volcano  | Noticed a hell knight
 13827 | Volcano  | Found a radiant altar of Vehumet.
 13827 | Volcano  | Noticed a centaur warrior
 13835 | Volcano  | Killed a centaur warrior
 13849 | Volcano  | Reached skill level 5 in Evocations
 13849 | Volcano  | Reached XP level 12. HP: 42/113 MP: 10/17
 14610 | Orc:1    | Received a gift from Okawaru
 14993 | Orc:1    | Noticed an orc high priest
 15051 | Orc:1    | Killed an orc high priest
 15282 | Orc:2    | Entered Level 2 of the Orcish Mines
 15699 | Orc:2    | Slain by an orc knight

Illustrated notes

Levels and vault maps discovered:
D:1:      psy_arrival_terrarium, layout_basic,
          hellmonk_ecumenical_altar_prayer_group
D:2:      layout_basic
D:3:      minmay_skewed_foursquare, layout_basic,
          grunt_temple_overflow_growth_and_decay, lemuel_tele_altar,
          serial_shops, shop
D:4:      layout_basic, mainiacjoe_overflow_chevrons, serial_shops,
          nicolae_lakefront_shop, uniq_grinder, uniq_ijyb,
          uniq_crazy_yiuf_cottage
D:5:      layout_loops_corners, lemuel_round_altar, minmay_temple_entry_waves,
          ebering_ghost_rock_garden
D:6:      black_bear_nest_1, layout_rooms, nzn_wu_jian_contemplation,
          nicolae_overflow_crystal_walls, okawaru_ov_weapons_minmay,
          mainiacjoe_overflow_paths, cheibrodos_sewer_entry_drain
D:7:      lemuel_insect_pit, layout_basic, mainiacjoe_overflow_boulevard,
          nicolae_ossuary_entry_plus
D:8:      layout_loops_ring, mainiacjoe_overflow_alcove_2, uniq_maurice
D:9:      layout_loops_cross, mainiacjoe_overflow_24_doors,
          grunt_lair_entry_orc_guard_hut, special_room [special_room_orc]
D:10:     layout_irregular_city, mainiacjoe_overflow_catwalk, orc_0_dummy,
          minivault_5, lightli_corner_chamber
D:11:     layout_cave_pools, nzn_ghost_randoct, uniq_erica, uniq_fannar,
          uniq_urug
Temple:   compressed_dpeg_triangle_lava_temple
Orc:1:    layout_caves, nicolae_volcano_entry_vermiform, minmay_orc_temple_c
Orc:2:    kennysheep_orc_mage_school, layout_diamond_mine,
          ebering_ghost_reflecting_pool, mines2_lemuel

Skill      XL: |  1  2  3  4  5  6  7  8  9 10 11 12 |
---------------+-------------------------------------+-----
Fighting       | 4 5 6 7 12 | 12.3
Armour         | 4 6 8 11 | 11.0
Short Blades   | 5 11 | 11.0
Invocations    | 3 9 |  9.0
Evocations     | 5 7 |  7.6
Axes           | |  2.4
Shields        | |  3.6

Action                   |  1- 3 |  4- 6 |  7- 9 | 10-12 || total
-------------------------+-------+-------+-------+-------++-------
Melee: War axe           |    63 |    61 |       |       ||   124
       Headbutt          |     7 |    12 |    43 |   146 ||   208
       Mace              |       |    19 |    52 |       ||    71
       Dagger            |       |       |   202 |   728 ||   930
Throw: Throwing net      |       |       |     5 |     2 ||     7
Invok: Finesse           |       |       |       |     4 ||     4
       Heroism           |       |       |       |     2 ||     2
 Abil: Evoke Blink       |       |       |       |     1 ||     1
Evoke: Wand              |       |       |       |     3 ||     3
  Use: Potion            |     2 |       |     1 |     5 ||     8
       Scroll            |       |       |     9 |     3 ||    12
 Stab: Held in net/web   |       |       |     1 |       ||     1
       Paralysed         |       |       |       |     1 ||     1
Armor: Scale mail        |    28 |    39 |    10 |       ||    77
       Plate armour      |       |       |   141 |   297 ||   438
Dodge: Dodged            |    33 |    37 |    86 |   201 ||   357
Block: Buckler           |    17 |    12 |    26 |    82 ||   137
